 Dungeon Crawl Stone Soup version 0.27.1-3-gb3d3a73c9e (webtiles) character file.

Game seed: 7597206867496688748

1 Descartes the Sneak (level 1, -2/18 HPs)
             Began as a Formicid Delver on Oct 24, 2021.
             Slain by an orc (4 damage)
             ... on level 5 of the Dungeon.
             The game lasted 00:00:25 (223 turns).

Descartes the Sneak (Formicid Delver)                Turns: 223, Time: 00:00:27

Health: -2/18      AC:  3    Str: 16    XL:     1   Next: 22%
Magic:  1/1        EV: 11    Int:  9    God:
Gold:   11         SH:  0    Dex: 12    Spells: 0/0 levels left

rFire    . . .     SeeInvis +   a - +0 hand axe
rCold    . . .     Faith    .   (no shield)
rNeg     . . .     Spirit   .   b - +0 leather armour
rPois    .         Reflect  .   (helmet unavailable)
rElec    .         Harm     .   (no cloak)
rCorr    .         Rampage  .   (no gloves)
Will     .....                  (no boots)
Stlth    +++.......             (no amulet)
HPRegen  0.06/turn              (no ring)
MPRegen  0.07/turn              (no ring)

@: no status effects
A: permanent stasis, dig shafts and tunnels, antennae 3, four strong arms
a: Dig, Shaft Self


You were on level 5 of the Dungeon.
You visited 1 branch of the dungeon, and saw 2 of its levels.

You collected 11 gold pieces.

Inventory:

Hand Weapons
 a - a +0 hand axe (weapon)
Armour
 b - a +0 leather armour (worn)
Wands
 f - a wand of digging (3)
Scrolls
 c - a scroll of fog
 d - a scroll of magic mapping
 e - a scroll of fear


   Skills:
 - Level 3.2 Fighting
 + Level 2.1 Axes
 - Level 1.7 Dodging
 - Level 6.0 Stealth


You couldn't memorise any spells.
You didn't know any spells.
Your spell library was empty.

Dungeon Overview and Level Annotations

Branches:
Dungeon (5/15)
 Temple: D:4-7

Altars:

Annotations:
D:4 Sigmund


Innate Abilities, Weirdness & Mutations

You cannot be hasted, slowed, berserked, paralysed or teleported.
You can dig through walls and to a lower floor.
You have a pair of large antennae on your head. (SInv)
Your four strong arms can wield two-handed weapons with a shield.


Message History

Found 23 arrows.
There is an open door here.
You open the door. 2 orcs come into view.
Found 23 arrows.
The orc shouts!
An orc comes into view. It is wielding a +0 dagger.
An orc comes into view. It is wielding a +0 hand axe.
An orc comes into view. It is wielding a +0 short sword.
The orc moves out of view.
The orc shouts!
You hear a shout!
There is an open door here.
The orc throws a boomerang.
The boomerang barely misses you.
You hit the orc.
The orc is moderately wounded.
The orc barely misses you.
You hit the orc.
The orc is severely wounded.
The orc hits you but does no damage.
You hit the orc but do no damage. The orc hits you with a +0 dagger.
You closely miss the orc. The orc hits you but does no damage.
You hit the orc.
The orc is heavily wounded.
You hit the orc.
The orc is almost dead.
You barely miss the orc. The orc closely misses you.
The orc hits you with a +0 mace. The orc hits you with a +0 hand axe.
The orc hits you with a +0 dagger. The orc hits you but does no damage.
The orc closely misses you.
There is an open door, spattered with blood here.
The orc closely misses you. The orc hits you but does no damage.
The orc hits you with a +0 dagger.
* * * LOW HITPOINT WARNING * * *
You barely miss the orc.
The orc is almost dead.
You closely miss the orc. You hit the orc. The orc misses you.
The orc hits you with a +0 dagger.
* * * LOW HITPOINT WARNING * * *
The orc barely misses you. The orc hits you with a +0 mace.
You die...

+######+######.....#
....................
....................
.......(............
....................
.(..................
########o##.........
.......ooo##'###......
.......@o.#....#......#
..........+.<..#......#
..........#....#......#
#############'##.)....
..............#
..............#
..............#
.....(........#
..............#


You could see 5 orcs.

Vanquished Creatures
  A giant cockroach (D:5)
1 creature vanquished.

Notes
Turn   | Place    | Note
-------+----------+-------------------------------------------
     0 | D:5      | Descartes the Formicid Delver began the quest for the Orb.
     0 | D:5      | Reached XP level 1. HP: 18/18 MP: 1/1
    29 | D:4      | Noticed Sigmund
   223 | D:5      | Slain by an orc

Illustrated notes

Levels and vault maps discovered:
D:4:      layout_loops_ring, kennysheep_okawaru_gauntlet,
          eat_drink_and_be_merry_uskayaw, mainiacjoe_overflow_cross_hatched,
          minmay_stone_trees_medium, uniq_sigmund, uniq_pikel
D:5:      layout_gridville, minivault_5

Action                   || total
-------------------------++-------
Melee: Hand axe          ||    13
Armor: Leather armour    ||     5
Dodge: Dodged            ||    13
